 Dungeon Crawl Stone Soup version 0.22.1-6-g1668fe2 (webtiles) character file.

30031 w0lly the Basher (level 13, -6/151 HPs)
             Began as a Demonspawn Berserker on Jan 22, 2019.
             Was a High Priest of Trog.
             Mangled by a killer bee (12 damage)
             ... on level 5 of the Lair of Beasts.
             The game lasted 01:06:56 (13075 turns).

w0lly the Basher (Demonspawn Berserker)            Turns: 13075, Time: 01:06:57

Health: -6/151     AC: 26    Str: 27    XL:     13   Next: 18%
Magic:  0/14       EV:  2    Int:  9    God:    Trog [*****.]
Gold:   1185       SH: 13    Dex: 14    Spells: 12/12 levels left

rFire    . . .     SeeInvis .   T - +5 morningstar (flame)
rCold    . . .     Gourm    .   z - +0 shield
rNeg     + + +     Faith    .   (armour currently unavailable)
rPois    +         Spirit   +   (helmet currently unavailable)
rElec    .         Reflect  .   (cloak currently unavailable)
rCorr    .         Harm     +   (gloves currently unavailable)
MR       ++...     NoTele   +   (boots currently unavailable)
Stlth    +.........             D - amulet of harm
HPRegen  6.35/turn              v - +6 ring of strength
MPRegen  0.14/turn              B - ring of positive energy

@: tree-form, berserk cooldown, regenerating, slowed, very slow
A: powered by death 3, magic shield
a: Berserk, Trog's Hand, Brothers in Arms, Renounce Religion


You were on level 5 of the Lair of Beasts.
You worshipped Trog.
Trog was extremely pleased with you.
You were not hungry.
You were a tree.
You visited 3 branches of the dungeon, and saw 16 of its levels.
You also visited: Volcano.

You collected 1185 gold pieces.

Inventory:

Hand Weapons
 F - a +1 war axe of chopping
 L - a +0 arbalest
 T - a +5 morningstar of flaming (weapon)
Missiles
 a - 31 sling bullets
 e - 13 tomahawks
 g - 54 poisoned needles
 h - 96 bolts
 i - 5 needles of frenzy
 l - 14 javelins (quivered)
 p - 7 needles of confusion
 r - 244 arrows
 Q - 7 needles of sleeping
Armour
 f - a +1 helmet (melded)
 n - a +0 cloak (melded)
 q - +3 gold dragon scales (melded)
 t - a +1 pair of boots of stealth
 z - a +0 shield (worn)
 U - a +0 large shield
 W - +0 ice dragon scales
 Y - a +2 pair of gloves
 Z - a +0 pair of gloves (melded)
Magical Staves
 A - an uncursed staff of cold
 G - an uncursed staff of wizardry {unknown}
 P - an uncursed staff of cold
 V - an uncursed staff of poison {unknown}
Jewellery
 d - the amulet "Pepoymat" {Gourm rN+ Int-2 SInv}
   (You acquired it on level 4 of the Lair of Beasts)

   [amulet of the gourmand]

   It allows you to eat raw meat even when not hungry.
   It affects your intelligence (-2).
   It protects you from negative energy.
   It lets you see invisible.
 s - an uncursed ring of protection from cold
 v - a +6 ring of strength (left branch)
 x - an uncursed ring of protection from fire
 B - a ring of positive energy (right branch)
 D - an amulet of harm (around neck)
 S - an uncursed amulet of regeneration
Wands
 b - a wand of digging (30)
 I - a wand of iceblast (3)
 O - a wand of paralysis (12)
 X - a wand of enslavement (14)
Scrolls
 k - a scroll of fear
 m - 6 scrolls of teleportation
 y - 3 scrolls of identify
 C - 3 scrolls of blinking
 E - 2 scrolls of remove curse
 H - a scroll of immolation
 M - 5 scrolls of fog
Potions
 j - 2 potions of brilliance
 u - a potion of berserk rage
 w - a potion of curing
 J - 2 potions of might
 K - 2 potions of haste
 R - 2 potions of heal wounds
Miscellaneous
 N - 2 sacks of spiders
Comestibles
 c - 30 rations


   Skills:
 + Level 9.3 Fighting
 + Level 12.2 Maces & Flails
 + Level 10.0 Armour
 + Level 4.4 Dodging
 * Level 10.6 Shields
 + Level 1.3 Evocations


You had 12 spell levels left.
You didn't know any spells.
Your spell library contained the following spells:

 Spells                   Type           Power        Failure   Level  Hunger
 Animate Skeleton         Necr           N/A          56%         1    ##.....
 Apportation              Tloc           #.....       56%         1    ##.....
 Confusing Touch          Hex            #.....       56%         1    ##.....
 Summon Small Mammal      Summ           #...         56%         1    ##.....
 Confuse                  Hex            #.......     91%         3    ####...
 Gell's Gravitas          Tloc           #.........   91%         3    ####...
 Petrify                  Tmut/Erth      #.......     100%        4    #####..
 Metabolic Englaciation   Hex/Ice        #.........   100%        5    ######.
 Yara's Violent Unravell  Hex/Tmut       #.........   100%        5    ######.


Dungeon Overview and Level Annotations

Branches:
Dungeon (10/15)            Temple (1/1) D:7            Lair (5/6) D:8
 Shoals (0/4) Lair:3        Snake (0/4) Lair:4
  Slime: Lair:5-6       Orc: D:9-12

Altars:
Ashenzari
Cheibriados
Dithmenos
Elyvilon
Gozag
Hepliaklqana
Kikubaaqudgha
Makhleb
Nemelex Xobeh
Okawaru
Ru
Trog
Uskayaw
Vehumet
Wu Jian
Xom
Yredelemnul
Zin
The Shining One


Innate Abilities, Weirdness & Mutations

((You have hoof-like feet.))
((You are partially covered in iridescent scales. (AC +2)))
You regenerate a lot of health from kills.
When hurt, damage is shared between your health and your magic reserves.


Message History

* * * LOW HITPOINT WARNING * * *
The killer bee completely misses you.
The killer bee rages.
The killer bee stings you but does no damage.
The killer bee barely misses you.
As you read the scroll of immolation, it crumbles to dust.
The creatures around you are filled with an inner flame!
The killer bee completely misses you. You block the killer bee's attack. x2
The killer bee stings you but does no damage. x2
The killer bee stings you.
* * * LOW HITPOINT WARNING * * *
The killer bee stings you but does no damage. x2
The killer bee stings you.
* * * LOW HITPOINT WARNING * * *
The killer bee stings you but does no damage.
The killer bee stings you!
* * * LOW HITPOINT WARNING * * *
The killer bee stings you but does no damage.
The killer bee stings you!
You die...

.. .=.% ....%.. #......
..#.#.. .#....y +##
#....ly #...# ##...#y###
#...####...rFy♣y###
###..P##P.....kyyy..#
.......#.......yy..P###
......................+
........P.............#.
...................P.#..
........................
..>..................#..
.......###..........#...


You could see a rime drake (inner flame), a wyvern (inner flame), a bullfrog
(inner flame), a porcupine (inner flame) and 10 killer bees.

Vanquished Creatures
  A stone giant (Volcano)
  Snorg (Lair:4)
  Fannar (D:10)
  5 hydras
  A two-headed ogre (D:10)
  Nergalle (Lair:4)
  2 unseen horrors (D:10)
  An ugly thing (D:9)
  5 black mambas
  Psyche (D:10)
  A centaur skeleton (D:10)
  8 spiny frogs
  3 gargoyles
  A komodo dragon (Lair:2)
  A rime drake (Lair:3)
  An efreet (Volcano)
  A queen bee (Lair:5)
  3 meliai (Lair:5)
  2 polar bears (Lair:3)
  Grinder (D:4)
  4 blink frogs (Lair:4)
  3 hippogriffs
  15 yaks
  A wyvern (Lair:1)
  2 spriggans
  2 basilisks (Lair:4)
  2 fire elementals (Volcano)
  A naga (Lair:4)
  Duvessa (D:4)
  9 water moccasins
  3 ice beasts
  6 porcupines
  2 black bears
  5 orc warriors
  3 phantoms
  5 sky beasts
  A necrophage (D:10)
  3 wolves (Lair:3)
  8 centaurs
  7 ogres
  9 crocodiles
  2 gnoll sergeants
  2 earth elementals (Volcano)
  A big kobold (D:8)
  15 bullfrogs
  Dowan (D:4)
  3 scorpions
  18 killer bees
  A howler monkey (D:10)
  9 crimson imps
  16 orc wizards
  2 quasits
  A bullfrog zombie (D:5)
  A centaur zombie (D:8)
  5 orc priests
  Crazy Yiuf (D:4)
  A bullfrog skeleton (D:8)
  2 hounds
  3 jellies (D:10)
  3 iguanas
  6 worker ants
  A hound zombie (D:6)
  A hound skeleton (D:5)
  A howler monkey zombie (D:5)
  2 worker ant zombies
  8 adders
  15 gnolls
  2 shadow imps
  An adder skeleton (D:8)
  2 worms
  2 dart slugs
  3 leopard geckos
  37 orcs
  4 giant cockroaches
  10 goblins
  5 hobgoblins
  12 jackals
  4 quokkas
  2 ball pythons
  7 bats
  3 frilled lizards (D:2)
  12 kobolds
  A leopard gecko zombie (D:5)
  A quokka zombie (D:9)
  7 rats
  A bush (D:2)
  A plant (Lair:2)
371 creatures vanquished.

Vanquished Creatures (others)
  A hobgoblin (D:3)
  A bush (Lair:5)
  6 fungi
  A plant (D:8)
9 creatures vanquished.

Grand Total: 380 creatures vanquished

Notes
Turn   | Place    | Note
-------+----------+-------------------------------------------
     0 | D:1      | w0lly the Demonspawn Berserker began the quest for the Orb.
     0 | D:1      | Reached XP level 1. HP: 18/18 MP: 1/1
   183 | D:1      | Gained mutation: You have large cloven feet. [demonic
                  | ancestry]
   183 | D:1      | Reached XP level 2. HP: 14/24 MP: 2/2
   509 | D:1      | Reached skill level 3 in Maces & Flails
   717 | D:2      | Found an iron altar of Okawaru.
   760 | D:2      | Found an ancient bone altar of Kikubaaqudgha.
   770 | D:2      | Gained mutation: You regenerate a little health from kills.
                  | [demonic ancestry]
   770 | D:2      | Reached XP level 3. HP: 15/29 MP: 3/3
   947 | D:2      | Reached ** piety under Trog
  1188 | D:2      | Gained mutation: You regenerate health from kills. [demonic
                  | ancestry]
  1188 | D:2      | Reached XP level 4. HP: 37/37 MP: 4/4
  1669 | D:3      | Reached XP level 5. HP: 42/42 MP: 5/5
  1826 | D:3      | Found a shimmering altar of Xom.
  1858 | D:3      | Reached skill level 4 in Maces & Flails
  1961 | D:3      | Reached XP level 6. HP: 49/49 MP: 6/6
  2328 | D:3      | Found a faded altar of an unknown god.
  2606 | D:4      | Noticed Grinder
  2614 | D:4      | Killed Grinder
  2614 | D:4      | Reached skill level 5 in Fighting
  2614 | D:4      | Reached skill level 5 in Maces & Flails
  2614 | D:4      | Reached XP level 7. HP: 56/56 MP: 7/7
  2663 | D:4      | Found a runed door.
  2667 | D:4      | Noticed Crazy Yiuf
  2670 | D:4      | Killed Crazy Yiuf
  2773 | D:4      | Reached *** piety under Trog
  2797 | D:4      | Found a shattered altar of Ashenzari.
  2895 | D:4      | Noticed Duvessa
  2895 | D:4      | Noticed Dowan
  2901 | D:4      | Killed Duvessa
  2904 | D:4      | Killed Dowan
  3297 | D:5      | Entered Level 5 of the Dungeon
  3356 | D:5      | Gained mutation: You are partially covered in iridescent
                  | scales. (AC +2) [demonic ancestry]
  3356 | D:5      | Reached XP level 8. HP: 62/62 MP: 8/8
  3358 | D:5      | Reached skill level 6 in Maces & Flails
  3358 | D:5      | Reached skill level 5 in Armour
  3471 | D:5      | Found a white marble altar of Elyvilon.
  3532 | D:5      | Found a shattered altar of Ashenzari.
  3578 | D:5      | Found a shadowy altar of Dithmenos.
  3763 | D:5      | Found a sparkling altar of Nemelex Xobeh.
  3928 | D:6      | Found a glowing golden altar of the Shining One.
  4006 | D:6      | Reached skill level 7 in Maces & Flails
  4259 | D:6      | Reached XP level 9. HP: 69/69 MP: 9/9
  4301 | D:6      | Found an ornate altar of the Wu Jian Council.
  5041 | D:7      | Found a staircase to the Ecumenical Temple.
  5050 | Temple   | Entered the Ecumenical Temple
  5129 | D:7      | Reached **** piety under Trog
  5129 | D:7      | Reached skill level 8 in Maces & Flails
  5209 | D:7      | Reached skill level 1 in Shields
  5684 | D:8      | Found a hazy altar of Hepliaklqana.
  5689 | D:8      | Found a glowing silver altar of Zin.
  5699 | D:8      | Found a hide-covered altar of Uskayaw.
  5952 | D:8      | Gained mutation: You regenerate a lot of health from kills.
                  | [demonic ancestry]
  5952 | D:8      | Reached XP level 10. HP: 45/77 MP: 10/10
  6082 | D:8      | Found a staircase to the Lair.
  6773 | D:9      | Noticed a purple ugly thing
  6797 | D:9      | Killed a purple ugly thing
  6797 | D:9      | Reached skill level 9 in Maces & Flails
  6849 | D:9      | Reached ***** piety under Trog
  7605 | D:10     | Entered Level 10 of the Dungeon
  7608 | D:10     | Reached skill level 5 in Shields
  7896 | D:10     | Killed an unseen horror
  8244 | D:10     | Noticed Psyche
  8262 | D:10     | Killed Psyche
  8262 | D:10     | Gained mutation: You have hoof-like feet. [demonic
                  | ancestry]
  8262 | D:10     | Reached XP level 11. HP: 84/84 MP: 11/11
  8386 | D:10     | Killed an unseen horror
  8482 | D:10     | Noticed a two-headed ogre
  8487 | D:10     | Killed a two-headed ogre
  8698 | D:10     | Received a gift from Trog
  8963 | D:10     | Noticed Fannar
  8971 | D:10     | Killed Fannar
  8971 | D:10     | Reached skill level 10 in Maces & Flails
  9129 | Lair:1   | Entered Level 1 of the Lair of Beasts
  9185 | Lair:1   | Reached skill level 1 in Evocations
  9532 | Lair:1   | Noticed a five-headed hydra
  9539 | Lair:1   | Killed a five-headed hydra
 10713 | Lair:3   | Gained mutation: When hurt, damage is shared between your
                  | health and your magic reserves. [demonic ancestry]
 10713 | Lair:3   | Reached XP level 12. HP: 93/93 MP: 13/13
 10835 | Lair:3   | Noticed a four-headed hydra
 10841 | Lair:3   | Killed a four-headed hydra
 10898 | Lair:3   | Found a staircase to the Shoals.
 11019 | Lair:3   | Reached skill level 11 in Maces & Flails
 11530 | Lair:4   | Found a dark tunnel.
 11538 | Volcano  | Entered a volcano
 11601 | Volcano  | Noticed a stone giant
 11612 | Volcano  | HP: 1/94 [stone giant (27)]
 11614 | Volcano  | Killed a stone giant
 11959 | Lair:4   | Found a staircase to the Snake Pit.
 12113 | Lair:4   | Noticed a six-headed hydra
 12121 | Lair:4   | Killed a six-headed hydra
 12121 | Lair:4   | Reached skill level 10 in Shields
 12179 | Lair:4   | Noticed a five-headed hydra
 12185 | Lair:4   | Killed a five-headed hydra
 12205 | Lair:4   | Identified a scroll of acquirement
 12207 | Lair:4   | Got a heavily runed diamond amulet
 12208 | Lair:4   | Identified the amulet "Pepoymat" {Gourm rN+ Int-2 SInv}
                  | (You acquired it on level 4 of the Lair of Beasts)
 12288 | Lair:4   | Found a shadowy altar of Dithmenos.
 12404 | Lair:4   | Noticed Snorg
 12405 | Lair:4   | Noticed Nergalle
 12415 | Lair:4   | Killed Nergalle
 12415 | Lair:4   | Received a gift from Trog
 12415 | Lair:4   | Reached skill level 12 in Maces & Flails
 12421 | Lair:4   | Killed Snorg
 12421 | Lair:4   | Reached XP level 13. HP: 59/101 MP: 4/14
 13055 | Lair:5   | Reached skill level 10 in Armour
 13062 | Lair:5   | Received a gift from Trog
 13075 | Lair:5   | HP: 6/151 [killer bee (8)]
 13075 | Lair:5   | Mangled by a killer bee

Skill      XL: |  1  2  3  4  5  6  7  8  9 10 11 12 13 |
---------------+----------------------------------------+-----
Maces & Flails | 3 4 5 7 8 9 10 12 | 12.2
Dodging        | 2 4 |  4.4
Armour         | 2 3 4 6 7 8 9 10 | 10.0
Fighting       | 4 5 6 7 8 9 |  9.3
Shields        | 2 6 8 10 | 10.6
Evocations     | 1 |  1.3

Action                   |  1- 3 |  4- 6 |  7- 9 | 10-12 | 13-15 || total
-------------------------+-------+-------+-------+-------+-------++-------
Melee: Mace              |   101 |   160 |   429 |   360 |       ||  1050
       Kick              |    24 |    57 |   149 |   230 |    22 ||   482
       Morningstar       |       |       |       |   255 |    72 ||   327
Invok: Berserk           |     1 |     5 |     6 |     5 |     1 ||    18
       Trog's Hand       |       |     2 |     2 |     4 |     1 ||     9
Evoke: Wand              |       |       |       |     7 |       ||     7
  Use: Scroll            |     2 |     6 |    13 |    12 |     1 ||    34
       Potion            |       |     4 |     6 |     4 |     2 ||    16
  Eat: Chunk             |     2 |     9 |    15 |    20 |     2 ||    48
       Ration            |       |       |     1 |     2 |     1 ||     4
Armor: Leather armour    |     6 |       |       |       |       ||     6
       Animal skin       |     3 |       |       |       |       ||     3
       Plate armour      |    65 |    88 |    12 |       |       ||   165
       Gold dragon scale |       |       |   354 |   558 |   193 ||  1105
       Skin              |       |       |       |       |    22 ||    22
Dodge: Dodged            |    46 |    41 |   117 |   127 |    92 ||   423
Block: Shield            |       |       |    62 |   374 |   137 ||   573
